 Dungeon Crawl Stone Soup version 0.30-a0-578-gdee14c521f (webtiles) character file.

Game seed: 8745837803753859274

3318 wormed the Basher (level 9, -4/123 HPs)
             Began as an Armataur Fighter on Jan 1, 2023.
             Was a Priest of Trog.
             Slain by a wolf (7 damage)
             ... led by Grum
             ... on level 7 of the Dungeon.
             The game lasted 00:10:29 (7599 turns).

wormed the Basher (Armataur Fighter)                Turns: 7599, Time: 00:10:30

Health: -4/123     AC: 10    Str: 31    XL:     9   Next: 71%
Magic:  9/9        EV:  8    Int:  8    God:    Trog [***...]
Gold:   439        SH:  6    Dex: 14    Spells: 8/8 levels left

rFire   + + +      SeeInvis .    o - +5 spear of Brewing Destruction {heavy, rF+++ Will- Str+5 Dex+4}
rCold   . . .      Faith    .    c - +0 buckler
rNeg    . . .      Spirit   .    b - +0 scale mail
rPois   .          Reflect  .    (no helmet)
rElec   .          Harm     .    (no cloak)
rCorr   .          Roll     +    (no gloves)
Will    .....                    (no barding) Stlth
                                 f - amulet of the acrobat
HPRegen 0.40/turn                v - ring of willpower
MPRegen 0.11/turn                (no ring)

@: berserking, lethally poisoned (-4 -> -10), slowed
A: large, rugged brown scales 3, deformed body, armoured tail, roll, long
tongue, awkward tongue, stinger 1, talons 1, iridescent scales 1
a: Renounce Religion, Berserk, Trog's Hand


You were on level 7 of the Dungeon.
You worshipped Trog.
Trog was most pleased with you.
You visited 1 branch of the dungeon, and saw 8 of its levels.

You collected 439 gold pieces.

Inventory:

Hand Weapons
 o - the +5 spear of Brewing Destruction (weapon) {heavy, rF+++ Will- Str+5 Dex+4}
   (You took it off a hobgoblin on level 2 of the Dungeon)

   It deals dramatically more damage, but attacks with it are much slower.
   Str:       It affects your strength (+5).
   Dex:       It affects your dexterity (+4).
   rF:        It renders you almost immune to fire.
   Will:      It decreases your willpower.
Missiles
 j - a throwing net (quivered)
Armour
 b - a +0 scale mail (worn)
 c - a +0 buckler (worn)
Jewellery
 f - an amulet of the acrobat (around neck)
 v - a ring of willpower (left hand)
Wands
 e - a wand of flame (42)
 q - a wand of polymorph (9)
 t - a wand of digging (5)
 u - a wand of roots (5)
Scrolls
 a - 3 scrolls of amnesia
 d - 2 scrolls of enchant weapon
 g - 2 scrolls of noise
 i - 3 scrolls of poison
 k - 2 scrolls of teleportation
 l - a scroll of fog
 p - a scroll of identify
Potions
 h - a potion of attraction
 m - a potion of heal wounds
 n - a potion of degeneration
 r - a potion of flight


   Skills:
 + Level 6.3 Fighting
 * Level 8.2 Maces & Flails
 + Level 8.2 Armour
 + Level 7.5 Shields


You had 8 spell levels left.
You didn't know any spells.
Your spell library was empty.

Dungeon Overview and Level Annotations

Branches:
Dungeon (8/15)             Temple (0/1) D:6
   Lair: D:8-11

Altars:
Elyvilon
Qazlal
Ru
Trog
Xom

Annotations:
D:8 Grum, Maggie


Innate Abilities, Weirdness & Mutations

You are completely covered in rugged brown scales. (AC +3, +7% HP)
Armour fits poorly on your strangely shaped body.
You have a long armoured tail.
You roll when moving toward enemies. (Rampage)
Your long tongue fully drains potion bottles. (2x potion effects)
Your tongue gives you trouble enunciating. (1.5x scroll delay)
Your tail ends in a venomous barb.
You have sharp toenails.
You are partially covered in iridescent scales. (AC +2)


Message History

You feel sick. The wolf barely misses you. You block the hornet's attack.
The wolf barely misses you. The wolf bites you but does no damage.
The hornet stings you!
* * * LOW HITPOINT WARNING * * *
You feel as though you will be slow longer.
The wolf bites you but does no damage. The wolf closely misses you.
Okay, then.
You barely miss the wolf. Your kick misses the wolf. You tail-slap the wolf!
The wolf is heavily wounded.
You feel sick. The wolf barely misses you. The hornet closely misses you.
The wolf bites you but does no damage. The wolf completely misses you.
The hornet stings you.
* * * LOW HITPOINT WARNING * * *
You are more poisoned.
You feel as though you will be slow longer.
The wolf bites you.
* * * LOW HITPOINT WARNING * * *
You block the wolf's attack. The hornet stings you.
* * * LOW HITPOINT WARNING * * *
You feel as though you will be slow longer.
The wolf bites you but does no damage.
You barely miss the wolf. Your kick misses the wolf.
The wolf is heavily wounded.
* * * LOW HITPOINT WARNING * * *
You feel very sick. The wolf bites you.
* * * LOW HITPOINT WARNING * * *
The wolf bites you but does no damage. The hornet closely misses you.
The wolf closely misses you. You block the wolf's attack.
The hornet stings you but does no damage.
The wolf bites you but does no damage. The wolf bites you.
* * * LOW HITPOINT WARNING * * *
You impale the hornet!!
You kill the hornet!
Trog accepts your kill.
* * * LOW HITPOINT WARNING * * *
You feel very sick. You block the wolf's attack.
The wolf bites you but does no damage. The wolf bites you!
You die...

#.# #.#### #.#
#....############ #.#
####.#..........# #.#
#.#(########.# #.# #.#.# #.#
#.#############.#.# #.#
#.#...............# #.#
#.#.###########.##########.####
.......)).......@h............#
#.#.#.#)#######.#h########.#.##
#...#..............[.......#.#
..#....########.#.##.#######.#
#...#### #...........##.# #...#
#.#.###.###.##.#
#...#############.###.# #.##.#
#.#.....).............###.##.#
#.###############.###........#


You could see 2 wolves.

Vanquished Creatures
  Pikel (D:7)
  A hornet (D:7)
  A steam dragon (D:7)
  3 water moccasins (D:7)
  3 sky beasts
  An orc warrior (D:3)
  3 ice beasts
  A wolf (D:8)
  An ogre (D:5)
  4 centaurs
  A phantom (D:5)
  Blork the orc (D:5)
  4 scorpions
  A bullfrog (D:7)
  2 hounds
  4 jellies
  2 orc priests
  3 gnoll boudas
  4 iguanas
  4 orc wizards
  18 gnolls
  9 adders
  A white imp (D:7)
  An ufetubus (D:6)
  3 worms
  17 orcs
  2 ball pythons
  4 endoplasms
  2 giant cockroaches
  4 goblins
  7 hobgoblins
  15 kobolds
  2 quokkas
  5 bats
  A frilled lizard (D:2)
  6 rats
142 creatures vanquished.

Vanquished Creatures (others)
  3 plants (D:4)
3 creatures vanquished.

Grand Total: 145 creatures vanquished

Notes
Turn   | Place    | Note
-------+----------+-------------------------------------------
     0 | D:1      | wormed the Armataur Fighter began the quest for the Orb.
     0 | D:1      | Reached XP level 1. HP: 19/19 MP: 1/1
    68 | D:1      | Found a faded altar of an unknown god.
    83 | D:1      | Prayed at the altar of an unknown god.
    83 | D:1      | Became a worshipper of Trog the Wrathful
    83 | D:1      | Reached * piety under Trog
   290 | D:1      | Reached XP level 2. HP: 26/26 MP: 2/2
   758 | D:2      | Reached XP level 3. HP: 29/32 MP: 3/3
   780 | D:2      | Reached ** piety under Trog
   815 | D:2      | Identified the +5 spear of Brewing Destruction {heavy,
                  | rF+++ Will- Str+5 Dex+4}
  1377 | D:3      | Reached XP level 4. HP: 36/40 MP: 4/4
  1704 | D:3      | Noticed a centaur
  1806 | D:4      | Reached XP level 5. HP: 48/48 MP: 5/5
  1817 | D:4      | Found a white marble altar of Elyvilon.
  1843 | D:4      | Noticed an orc warrior
  2066 | D:3      | Found a faded altar of an unknown god.
  2071 | D:3      | Found a shimmering altar of Xom.
  2115 | D:3      | Killed a centaur
  2340 | D:3      | Identified the +5 short sword of Fedhas's Anger {vamp,
                  | *Slow Int+2 Dex+2}
  2418 | D:3      | Killed an orc warrior
  2419 | D:3      | Reached skill level 5 in Armour
  2419 | D:3      | Reached XP level 6. HP: 30/55 MP: 6/6
  2625 | D:4      | Found a stormy altar of Qazlal.
  2789 | D:4      | Reached *** piety under Trog
  2792 | D:4      | Gained mutation: You have a pair of small horns on your
                  | head. [potion of mutation]
  2792 | D:4      | Gained mutation: You expend magic power (3 MP) to
                  | strengthen your wands. [potion of mutation]
  2792 | D:4      | Gained mutation: You are strong-willed. (Will+) [potion of
                  | mutation]
  2792 | D:4      | Gained mutation: You sometimes lose your temper in combat.
                  | [potion of mutation]
  2792 | D:4      | Gained mutation: You have a pair of horns on your head.
                  | [potion of mutation]
  2793 | D:4      | HP: 4/82 [gnoll/+0 flail (4)]
  3103 | D:4      | Lost mutation: You expend magic power (3 MP) to strengthen
                  | your wands. [potion of mutation]
  3103 | D:4      | Lost mutation: You sometimes lose your temper in combat.
                  | [potion of mutation]
  3103 | D:4      | Lost mutation: You are strong-willed. (Will+) [potion of
                  | mutation]
  3103 | D:4      | Lost mutation: You have a pair of horns on your head.
                  | [potion of mutation]
  3103 | D:4      | Gained mutation: You do not regenerate when monsters are
                  | visible. [potion of mutation]
  3103 | D:4      | Gained mutation: You are partially covered in iridescent
                  | scales. (AC +2) [potion of mutation]
  3103 | D:4      | Gained mutation: You passively map a small area around you.
                  | [potion of mutation]
  3103 | D:4      | Gained mutation: You are clumsy. (Dex -2) [potion of
                  | mutation]
  3103 | D:4      | Gained mutation: Your muscles are strong. (Str +4, Int/Dex
                  | -1) [potion of mutation]
  3104 | D:4      | Lost mutation: You passively map a small area around you.
                  | [potion of mutation]
  3104 | D:4      | Lost mutation: You do not regenerate when monsters are
                  | visible. [potion of mutation]
  3104 | D:4      | Lost mutation: Your muscles are strong. (Str +4, Int/Dex
                  | -1) [potion of mutation]
  3104 | D:4      | Lost mutation: You are clumsy. (Dex -2) [potion of
                  | mutation]
  3104 | D:4      | Lost mutation: You have a pair of small horns on your head.
                  | [potion of mutation]
  3104 | D:4      | Lost mutation: You are partially covered in iridescent
                  | scales. (AC +2) [potion of mutation]
  3104 | D:4      | Gained mutation: You have sharp toenails. [potion of
                  | mutation]
  3104 | D:4      | Gained mutation: You are agile. (Dex +4, Str/Int -1)
                  | [potion of mutation]
  3104 | D:4      | Gained mutation: You are partially covered in iridescent
                  | scales. (AC +2) [potion of mutation]
  3104 | D:4      | Lost mutation: You are agile. (Dex +4, Str/Int -1) [potion
                  | of mutation]
  3104 | D:4      | Gained mutation: Your tail ends in a venomous barb. [potion
                  | of mutation]
  3191 | D:5      | Entered Level 5 of the Dungeon
  3447 | D:4      | Reached XP level 7. HP: 38/63 MP: 7/7
  3683 | D:5      | Reached skill level 5 in Shields
  3717 | D:5      | Noticed Blork the orc
  3727 | D:5      | Killed Blork the orc
  3728 | D:5      | Reached skill level 5 in Maces & Flails
  4202 | D:5      | Reached XP level 8. HP: 26/71 MP: 8/8
  4446 | D:5      | Found a bloodstained altar of Trog.
  4474 | D:5      | Reached skill level 5 in Fighting
  5005 | D:6      | Found a staircase to the Ecumenical Temple.
  5549 | D:7      | Found a sacrificial altar of Ru.
  5732 | D:7      | Noticed Pikel
  5799 | D:7      | Killed Pikel
  5800 | D:7      | Reached XP level 9. HP: 42/80 MP: 9/9
  7580 | D:8      | Noticed Grum
  7582 | D:8      | Reached **** piety under Trog
  7582 | D:8      | Noticed Maggie
  7598 | D:7      | HP: 6/123 [wolf[Grum] (3)]
  7599 | D:7      | Slain by a wolf

Illustrated notes

Levels and vault maps discovered:
D:1:      dpeg_arrival_arbitrary_c, layout_basic,
          hellmonk_ecumenical_altar_zigzags, minmay_misc_feat_doors
D:2:      layout_rooms, roderic_roman_lattice
D:3:      layout_loops_ring, nicolae_overflow_ecumenical_swirl, serial_glass,
          glass_columns_a, glass_columns_b, due_unseen_surprise
D:4:      layout_rooms, overflow_temple_1_default,
          mainiacjoe_overflow_boulevard, grunt_decor_fettered
D:5:      layout_basic, kennysheep_mini_moat, serial_rivers,
          chequers_serial_rivers_micro_d, chequers_serial_rivers_large_a,
          chequers_serial_rivers_small_3, chequers_serial_rivers_micro_d,
          uniq_blork_the_orc
D:6:      layout_loops_corners, minmay_temple_entry_statues_fountains
D:7:      wad_crossroads, layout_basic, mainiacjoe_overflow_paths, uniq_pikel
D:8:      layout_basic, nicolae_overflow_hidden_temple, lair_entry_dummy,
          uniq_grum, uniq_maggie, uniq_gastronok

Skill      XL: |  1  2  3  4  5  6  7  8  9 |
---------------+----------------------------+-----
Maces & Flails | 2 3 4 5 7 8 |  8.2
Armour         | 4 5 6 7 8 |  8.2
Fighting       | 3 4 5 6 |  6.3
Shields        | 4 5 6 7 |  7.5

Action                   |  1- 3 |  4- 6 |  7- 9 || total
-------------------------+-------+-------+-------++-------
Melee: Flail             |    90 |       |       ||    90
       Tailslap          |    15 |     5 |    20 ||    40
       Spear             |    19 |   106 |   178 ||   303
       Kick              |       |     1 |    45 ||    46
Invok: Berserk           |       |     1 |     3 ||     4
Evoke: Wand              |       |     2 |       ||     2
  Use: Potion            |       |     9 |     3 ||    12
       Scroll            |       |     7 |     3 ||    10
Armor: Scale mail        |    55 |    57 |   116 ||   228
Dodge: Dodged            |    51 |    80 |   127 ||   258
Block: Buckler           |    19 |    40 |    70 ||   129

Table legend: (Time is in decaauts)
 A = Elapsed time spent in this place.
 B = Non-inter-level travel time spent in this place.
 C = Inter-level travel time spent in this place.
 D = Time resting spent in this place.
 E = Time spent auto-exploring this place.
 F = Levels seen in this place.
 G = Mean time per level.
                   A        B        C        D        E       F      G
               +--------+--------+--------+--------+--------+-----+--------+
         Total |   7837 |   7589 |    248 |    305 |   6052 |   8 |  979.6 |
       Dungeon |   7837 |   7589 |    248 |    305 |   6052 |   8 |  979.6 |
               +--------+--------+--------+--------+--------+-----+--------+

Top non-repeatable levels by time:
     D:7: 2114 daAuts
     D:5: 1494 daAuts
     D:4: 1065 daAuts
     D:3: 1011 daAuts
     D:6: 785 daAuts
     D:1: 754 daAuts
     D:2: 568 daAuts
     D:8: 43 daAuts
